 Dungeon Crawl Stone Soup version 0.24.0-123-gd5b16e6ec5 (webtiles) character file.

Game seed: 4965013345492675562, levelgen mode: deterministic

117 FluffierThanThou the Skirmisher (level 4, -4/41 HPs)
             Began as a Minotaur Fighter on Jan 17, 2020.
             Was an Initiate of Okawaru.
             Slain by Grinder (5 damage)
             ... while paralysed by Grinder
             ... on level 4 of the Dungeon.
             The game lasted 00:04:32 (1971 turns).

FluffierThanThou the Skirmisher (Minotaur Fighter)  Turns: 1971, Time: 00:04:33

Health: -4/41      AC:  8    Str: 22    XL:     4   Next: 71%
Magic:  4/4        EV:  2    Int:  5    God:    Okawaru [......]
Gold:   133        SH:  0    Dex: 14    Spells: 3/3 levels left

rFire    x . .     SeeInvis .   a - +0 war axe
rCold    + . .     Gourm    .   g - +0 large shield
rNeg     . . .     Faith    .   y - +0 ring mail (curse)
rPois    .         Spirit   .   (helmet restricted)
rElec    .         Reflect  .   q - +0 cloak
rCorr    .         Harm     .   (no gloves)
MR       .....                  f - +0 pair of boots (curse)
Stlth    ++........             m - amulet of rage
HPRegen  0.13/turn              h - ring of ice
MPRegen  0.09/turn              k - ring of flight

@: paralysed, agile
A: retaliatory headbutt, horns 2
a: Renounce Religion, Evoke Berserk Rage, Evoke Flight


You were on level 4 of the Dungeon.
You worshipped Okawaru.
Okawaru was noncommittal.
You were not hungry.

You visited 1 branch of the dungeon, and saw 4 of its levels.

You collected 133 gold pieces.

Inventory:

Hand Weapons
 a - a +0 war axe (weapon)
Armour
 b - a +0 scale mail
 c - a +0 shield
 f - a cursed +0 pair of boots (worn)
   (You found it on level 1 of the Dungeon)
 g - a +0 large shield (worn)
   (You found it on level 3 of the Dungeon)
 q - a +0 cloak (worn)
   (You found it on level 2 of the Dungeon)
 y - a cursed +0 ring mail (worn)
   (You found it on level 2 of the Dungeon)
Jewellery
 h - a ring of ice (left hand)
   (You found it on level 1 of the Dungeon)
 k - a ring of flight (right hand)
   (You found it on level 1 of the Dungeon)
 m - an amulet of rage (around neck)
   (You found it on level 1 of the Dungeon)
 t - a +5 ring of strength {unknown}
   (You found it on level 2 of the Dungeon)
Wands
 d - a wand of polymorph (12)
   (You took it off Ijyb on level 3 of the Dungeon)
 r - a wand of paralysis (7)
   (You found it on level 2 of the Dungeon)
 B - a wand of acid (9)
   (You found it on level 3 of the Dungeon)
Scrolls
 j - 2 scrolls of enchant weapon {unknown}
 l - 2 scrolls of remove curse {unknown}
 n - 3 scrolls of identify {unknown}
 o - 2 scrolls of magic mapping {unknown}
 u - a scroll of immolation {unknown}
 v - 3 scrolls of fog {unknown}
 w - a scroll of random uselessness {unknown}
 z - a scroll of blinking {unknown}
 A - a scroll of teleportation {unknown}
Potions
 i - a potion of brilliance {unknown}
 p - 2 potions of curing {unknown}
 s - a potion of agility
 x - a potion of ambrosia
 C - a potion of heal wounds {unknown}
Comestibles
 e - 3 rations {!d}
 D - 3 chunks of flesh


   Skills:
 * Level 4.7 Fighting
 + Level 3.1 Axes
 * Level 4.6 Armour
 + Level 4.0 Shields
 * Level 1.4 Evocations


You had 3 spell levels left.
You didn't know any spells.
Your spell library was empty.

Dungeon Overview and Level Annotations

Branches:
Dungeon (4/15)
 Temple: D:4-7

Altars:
Elyvilon
Okawaru
Qazlal
Ru
Zin

Annotations:
D:4 Grinder


Innate Abilities, Weirdness & Mutations

You reflexively headbutt those who attack you in melee.
You have a pair of horns on your head.


Message History

D - 3 chunks of flesh
Things that are here:
a +3 dagger; a goblin skeleton
Things that are here:
a +3 dagger; a goblin skeleton Done exploring.
(D) Dungeon
Where to? (Enter - D:3 @ (x,y), ? - help)
Things that are here:
a +3 dagger; a goblin skeleton You see here 23 stones.
You see here a quarterstaff.
There is a stone staircase leading down here.
You climb downwards.
Grinder comes into view.
There is a stone staircase leading up here.
It was a potion of ambrosia.
You are confused.
You feel invigorated.
You are too confused!
You are too confused!
It was a potion of agility.
You feel agile all of a sudden.
You bump into the rock wall.
You feel less invigorated.
You feel less confused.
There is a stone staircase leading up here.
Grinder closely misses you. You furiously retaliate!
You headbutt Grinder. You hit Grinder but do no damage.
Your headbutt misses Grinder. You block Grinder's attack. x2
You closely miss Grinder. You block Grinder's attack.
You closely miss Grinder. Your headbutt misses Grinder. Grinder hits you.
You writhe in agony.
You block Grinder's attack.
You closely miss Grinder. Grinder hits you.
You barely miss Grinder. Grinder gestures at you.
You suddenly lose the ability to move!
Grinder gestures at you.
You barely resist. Grinder gestures at you. Pain shoots through your body!
* * * LOW HITPOINT WARNING * * *
Grinder hits you.
* * * LOW HITPOINT WARNING * * *
You writhe in agony.
* * * LOW HITPOINT WARNING * * *
Grinder hits you!
* * * LOW HITPOINT WARNING * * *
You writhe in agony.
You die...

#.......#
#.......#
#.......#
#.......#
#.......#
#....?..#
#######.......#
........<.....#
......5@........
#......##...####
#...... ...#
#...... ...#
#...... ...#
....... ####
....... .......


You could see Grinder.

Vanquished Creatures
  A crimson imp (D:3)
  Ijyb (D:3)
  2 worms
  A leopard gecko (D:1)
  11 bats
  2 giant cockroaches
  5 goblins
  7 hobgoblins
  7 kobolds
  2 quokkas
  A ball python (D:3)
  6 frilled lizards
  8 rats
54 creatures vanquished.

Notes
Turn   | Place    | Note
-------+----------+-------------------------------------------
     0 | D:1      | FluffierThanThou the Minotaur Fighter began the quest for
                  | the Orb.
     0 | D:1      | Reached XP level 1. HP: 19/19 MP: 0/0
   131 | D:1      | Reached XP level 2. HP: 27/27 MP: 1/1
   632 | D:2      | Reached XP level 3. HP: 30/33 MP: 2/2
   751 | D:2      | Found a glowing silver altar of Zin.
   965 | D:2      | Found an iron altar of Okawaru.
   966 | D:2      | Found a sacrificial altar of Ru.
   979 | D:2      | Became a worshipper of Warmaster Okawaru
   988 | D:2      | Found a white marble altar of Elyvilon.
  1163 | D:3      | Reached skill level 1 in Evocations
  1163 | D:3      | Reached XP level 4. HP: 41/41 MP: 3/3
  1192 | D:3      | Noticed Ijyb
  1197 | D:3      | Killed Ijyb
  1249 | D:3      | Found a stormy altar of Qazlal.
  1954 | D:4      | Noticed Grinder
  1967 | D:4      | Paralysed by Grinder for 7 turns
  1971 | D:4      | HP: 1/41 [Grinder (8)]
  1971 | D:4      | Slain by Grinder

Levels and vault maps discovered:
D:1:      dpeg_arrival_simpleton_c, layout_basic
D:2:      layout_rooms, nicolae_overflow_crystal_walls, minitemple
D:3:      layout_basic, lemuel_doored_altar, uniq_ijyb
D:4:      layout_basic, minmay_temple_entry_overgrown, uniq_grinder

Skill      XL: |  1  2  3 |
---------------+----------+-----
Fighting       | 4 |  4.7
Armour         | 4 |  4.6
Axes           | 3 |  3.1
Shields        | 4 |  4.0
Evocations     | 1 |  1.4

Action                   |  1- 3 |  4- 6 || total
-------------------------+-------+-------++-------
Melee: War axe           |    99 |    22 ||   121
       Headbutt          |    18 |     2 ||    20
  Use: Potion            |       |     3 ||     3
  Eat: Chunk             |     1 |     1 ||     2
       Ration            |       |     1 ||     1
Armor: Scale mail        |    39 |       ||    39
       Ring mail         |    13 |     3 ||    16
Dodge: Dodged            |    32 |     3 ||    35
Block: Shield            |    48 |     7 ||    55
       Large shield      |       |     6 ||     6
